[Event "FIDE Open Sachove Univerzity QCC"]
[Site "Ceske Budejovice"]
[Date "2020.07.09"]
[Round "5.8"]
[White "Matlocha, Lubomir"]
[Black "Svadlenka, Michal"]
[Result "1/2-1/2"]
[ECO "D02"]
[WhiteElo "1646"]
[BlackElo "1395"]
[Annotator "NA RC"]
[PlyCount "58"]
[EventDate "2020.07.01"]
[EventType "swiss"]
[EventCountry "CZE"]
[TimeControl "40/5400+30:1800+30"]

1. d4 d5 2. g3 Bf5 3. Bg2 e6 4. Nf3 Nf6 5. c3 c5 6. O-O Nc6 7. Qa4 a6 8. Ne5 b5 9. Nxc6 Qc7 10. Qd1 Qxc6 11. e3 c4 12. Re1 Bd3 13. f3 Bd6 14. Nd2 O-O 15. e4 Bc7 16. e5 Nd7 17. f4 f6 18. Nf3 fxe5 19. dxe5 Bb6+ 20. Be3 Be4 21. Nd4 Bxd4 22. Bxd4 Bd3 23. Qg4 Bf5 24. Qe2 Nc5 25. Bxc5 Qxc5+ 26. Qe3 Qxe3+ 27. Rxe3 Rad8 28. Rd1 Bd3 29. Bf1 Bf5 1/2-1/2

[Event "FIDE Open Sachove Univerzity QCC"]
[Site "Ceske Budejovice"]
[Date "2020.07.09"]
[Round "5.9"]
[White "Molnar, Ladislav"]
[Black "Dobsa, Emma"]
[Result "1-0"]
[ECO "C54"]
[WhiteElo "1712"]
[BlackElo "1345"]
[Annotator "NA RC"]
[PlyCount "62"]
[EventDate "2020.07.01"]
[EventType "swiss"]
[EventCountry "CZE"]
[TimeControl "40/5400+30:1800+30"]

1. e4 e5 2. Bc4 Nf6 3. d3 Nc6 4. Nf3 Bc5 5. O-O d6 6. c3 a6 7. b4 Ba7 8. a4 O-O 9. Bg5 h6 10. Bh4 Bd7 11. Nbd2 Re8 12. h3 Qe7 13. Nh2 Nd8 14. Kh1 b5 15. axb5 axb5 16. Bb3 h5 17. Bxf6 Qxf6 18. Qxh5 Ne6 19. g3 Bb6 20. Rxa8 Rxa8 21. h4 Ra3 22. Ng4 Qe7 23. Ne3 c5 24. Nd5 Qd8 25. f4 cxb4 26. fxe5 g6 27. Qf3 bxc3 28. Qxf7+ Kh8 29. Nf6 Ng7 30. Qxg6 Qxf6 31. Qxf6 cxd2 1-0

[Event "FIDE Open Sachove Univerzity QCC"]
[Site "Ceske Budejovice"]
[Date "2020.07.09"]
[Round "5.10"]
[White "Strapec, Lukas"]
[Black "Hlavsa, Filip"]
[Result "0-1"]
[ECO "A06"]
[WhiteElo "1525"]
[BlackElo "1886"]
[Annotator "NA"]
[PlyCount "90"]
[EventDate "2020.07.01"]
[EventType "swiss"]
[EventCountry "CZE"]
[TimeControl "40/5400+30:1800+30"]

1. b3 d5 2. Bb2 c5 3. e3 a6 4. Nf3 Nc6 5. c4 d4 6. exd4 cxd4 7. d3 e5 8. Nbd2 Bg4 9. Be2 f5 10. h3 Bxf3 11. Nxf3 Nf6 12. O-O Bc5 13. Re1 O-O 14. a3 a5 15. Bc1 Qd6 16. Qc2 Rae8 17. g3 h6 18. Nh2 Kh8 19. Bf3 Nd8 20. Nf1 Re7 21. Nd2 Rfe8 22. Bb2 Nf7 23. h4 g5 24. hxg5 hxg5 25. a4 g4 26. Bg2 Ng5 27. Rad1 Nh3+ 28. Kf1 Bb4 29. Re2 Rh7 30. Rde1 Kg7 31. Bxb7 Nd7 32. Bd5 Bc5 33. Bg2 Reh8 34. Bc1 Bb4 35. Qb2 Ng5 36. Qc2 Qh6 37. Rxe5 Nxe5 38. Rxe5 Qf6 39. Rb5 Rh2 40. Rb7+ Nf7 41. Bd5 Be7 42. c5 Qe5 43. Rd7 Rh1+ 44. Bxh1 Rxh1+ 45. Kg2 Qe1 0-1

[Event "FIDE Open Sachove Univerzity QCC"]
[Site "Ceske Budejovice"]
[Date "2020.07.09"]
[Round "5.11"]
[White "Kamleiter, Noah"]
[Black "Huemer, Gerald"]
[Result "1-0"]
[ECO "B51"]
[WhiteElo "1463"]
[BlackElo "1721"]
[Annotator "NA"]
[PlyCount "59"]
[EventDate "2020.07.01"]
[EventType "swiss"]
[EventCountry "CZE"]
[TimeControl "40/5400+30:1800+30"]

1. e4 c5 2. Nf3 d6 3. Bb5+ Nd7 4. O-O Qc7 5. c3 a6 6. Bc4 b5 7. Bd5 Rb8 8. Bb3 c4 9. Bc2 Bb7 10. d4 e6 11. Re1 Ngf6 12. Bg5 h6 13. Bh4 g5 14. Bg3 g4 15. Nfd2 h5 16. Bh4 e5 17. d5 Bh6 18. Nf1 Nh7 19. Ng3 Bg5 20. Bxg5 Nxg5 21. Nf5 f6 22. Nd2 Bc8 23. f3 gxf3 24. Nxf3 b4 25. Ng7+ Kf7 26. Nxg5+ fxg5 27. Ne6 Qb6+ 28. Kh1 Kg6 29. Qd2 Rh7 30. Rf1 1-0

[Event "FIDE Open Sachove Univerzity QCC"]
[Site "Ceske Budejovice"]
[Date "2020.07.10"]
[Round "5.12"]
[White "Dudkova, Josefina"]
[Black "Berka, Lubos"]
[Result "0-1"]
[ECO "B00"]
[WhiteElo "1447"]
[BlackElo "1718"]
[Annotator "NA RC"]
[PlyCount "70"]
[EventDate "2020.07.01"]
[EventType "swiss"]
[EventCountry "CZE"]
[TimeControl "40/5400+30:1800+30"]

1. e4 b6 2. d4 Bb7 3. Bd3 Nf6 4. Qe2 e6 5. Nf3 d5 6. e5 Ne4 7. O-O c5 8. c3 cxd4 9. cxd4 Be7 10. Nbd2 Nxd2 11. Bxd2 O-O 12. Rac1 Nc6 13. Be3 Nb4 14. a3 Nxd3 15. Qxd3 a5 16. Qd2 Ba6 17. Rfe1 Rc8 18. Rxc8 Qxc8 19. Rc1 Qd7 20. h3 Rc8 21. Rxc8+ Qxc8 22. Qc1 Qxc1+ 23. Bxc1 f6 24. Bd2 Be2 25. exf6 gxf6 26. Bf4 Bd8 27. Nd2 Kf7 28. f3 Kg6 29. g4 Bd1 30. Kf2 b5 31. Ke3 Bb6 32. Kd3 a4 33. Ke3 e5 34. Bg3 Bxd4+ 35. Kd3 Bxb2 0-1

[Event "FIDE Open Sachove Univerzity QCC"]
[Site "Ceske Budejovice"]
[Date "2020.07.09"]
[Round "5.13"]
[White "Svejda, Karel"]
[Black "Macho, Miloslav"]
[Result "1-0"]
[ECO "B04"]
[WhiteElo "1387"]
[BlackElo "1671"]
[Annotator "NA"]
[PlyCount "95"]
[EventDate "2020.07.01"]
[EventType "swiss"]
[EventCountry "CZE"]
[TimeControl "40/5400+30:1800+30"]

1. e4 Nf6 2. e5 Nd5 3. d4 d6 4. Nf3 Nc6 5. h3 g6 6. Bc4 Nb6 7. Bb3 dxe5 8. Nxe5 Nxe5 9. dxe5 Qxd1+ 10. Kxd1 Bg7 11. Bf4 e6 12. Nc3 Bd7 13. Ke2 Bc6 14. f3 Nd7 15. Rhe1 Bxe5 16. Bxe5 Nxe5 17. Kf2 Nd7 18. Rad1 O-O-O 19. Kg3 Nb6 20. Kf4 Rxd1 21. Rxd1 h6 22. h4 Rd8 23. Rxd8+ Kxd8 24. h5 Nd5+ 25. Nxd5 exd5 26. Ke5 gxh5 27. Bxd5 Bxd5 28. Kxd5 Ke7 29. Ke5 c6 30. g3 b6 31. c3 a6 32. b3 a5 33. a4 f6+ 34. Kf5 Kf7 35. b4 c5 36. bxc5 bxc5 37. c4 Ke7 38. Kg6 Ke6 39. f4 h4 40. gxh4 h5 41. Kxh5 Kf5 42. Kh6 Kxf4 43. Kg6 f5 44. h5 Kg4 45. h6 f4 46. h7 f3 47. h8=Q f2 48. Qh1 1-0

[Event "FIDE Open Sachove Univerzity QCC"]
[Site "Ceske Budejovice"]
[Date "2020.07.10"]
[Round "5.14"]
[White "Kroulik, Vaclav"]
[Black "Josko, Jiri"]
[Result "1/2-1/2"]
[ECO "B01"]
[WhiteElo "1442"]
[BlackElo "1649"]
[Annotator "NA RC"]
[PlyCount "38"]
[EventDate "2020.07.01"]
[EventType "swiss"]
[EventCountry "CZE"]
[TimeControl "40/5400+30:1800+30"]

1. e4 d5 2. exd5 Nf6 3. Bb5+ Bd7 4. Be2 Nxd5 5. d4 g6 6. Nf3 Bg7 7. O-O O-O 8. c4 Nf6 9. Nc3 c6 10. b4 Bf5 11. Bd3 Bg4 12. Be3 Nbd7 13. Be2 Re8 14. Qc2 Qc7 15. Rad1 Rac8 16. a4 e5 17. dxe5 Nxe5 18. Nxe5 Bxe2 19. Nxe2 Qxe5 1/2-1/2

[Event "FIDE Open Sachove Univerzity QCC"]
[Site "Ceske Budejovice"]
[Date "2020.07.10"]
[Round "5.16"]
[White "Cipera, Josef"]
[Black "Svadlenka, Dominik"]
[Result "1-0"]
[ECO "D00"]
[WhiteElo "1612"]
[BlackElo "1350"]
[Annotator "NA RC"]
[PlyCount "131"]
[EventDate "2020.07.01"]
[EventType "swiss"]
[EventCountry "CZE"]
[TimeControl "40/5400+30:1800+30"]

1. d4 d5 2. Bf4 c5 3. e3 Qb6 4. b3 Nf6 5. dxc5 Qxc5 6. Qd3 Nc6 7. Qb5 Qxb5 8. Bxb5 a6 9. Bxc6+ bxc6 10. Ne2 Bg4 11. f3 Bh5 12. Kf2 e6 13. c3 Be7 14. Nd2 O-O 15. g4 Bg6 16. h4 h5 17. Rag1 hxg4 18. fxg4 Be4 19. Rh3 Nxg4+ 20. Rxg4 Bf5 21. Rhg3 Bxg4 22. Rxg4 f5 23. Rg1 Bxh4+ 24. Kf3 Bf6 25. Nd4 e5 26. Ne6 exf4 27. Nxf8 fxe3 28. Nd7 Be7 29. Nf1 Rd8 30. Ne5 Bc5 31. Ke2 Rd6 32. Nd3 Ba7 33. Rg5 Rf6 34. Nf4 Rf7 35. Rg6 Rf6 36. Rxf6 gxf6 37. Nh5 Kf7 38. Nf4 Ke7 39. Kd3 Kd6 40. Ng3 Ke5 41. Ng6+ Ke6 42. Ke2 Bb8 43. Nh5 f4 44. Ngxf4+ Kf5 45. Kxe3 Be5 46. Ng7+ Kg4 47. Ne2 f5 48. Ne6 a5 49. a3 Bd6 50. b4 axb4 51. axb4 f4+ 52. N2xf4 d4+ 53. Nxd4 Bxf4+ 54. Kd3 Bd6 55. Nxc6 Kf5 56. Nd4+ Ke5 57. Kc4 Bf8 58. b5 Kd6 59. b6 Kd7 60. Kb5 Kc8 61. c4 Bd6 62. Ka6 Bg3 63. Nb5 Kb8 64. c5 Kc8 65. c6 Bf4 66. c7 1-0

[Event "FIDE Open Sachove Univerzity QCC"]
[Site "Ceske Budejovice"]
[Date "2020.07.05"]
[Round "5.17"]
[White "Garabik, Marek"]
[Black "Vavrousek, Petr"]
[Result "1-0"]
[ECO "C01"]
[WhiteElo "1363"]
[BlackElo "1605"]
[Annotator "NA"]
[PlyCount "78"]
[EventDate "2020.07.01"]
[EventType "swiss"]
[EventCountry "CZE"]
[SourceTitle "playchess.com"]
[Source "ChessBase"]
[SourceQuality "1"]
[TimeControl "40/5400+30:1800+30"]

1. e4 e6 2. d4 d5 3. exd5 exd5 4. Nc3 Bf5 5. Bd3 Bxd3 6. Qxd3 c6 7. Bf4 Be7 8. Nf3 Nf6 9. O-O O-O 10. Rae1 Nbd7 11. Bg5 h6 12. Bh4 Bd6 13. Ne5 Qc7 14. Bg3 Rae8 15. Nxd7 Nxd7 16. Ne2 Re4 17. Bxd6 Qxd6 18. Ng3 Rxe1 19. Rxe1 Qb4 20. Rb1 Re8 21. c3 Qe7 22. Kf1 g6 23. Qd2 Qh4 24. Re1 Rxe1+ 25. Qxe1 Kf8 26. h3 Qf4 27. Ne2 Qe4 28. Qd1 Nf6 29. Ng3 Qf4 30. Qc2 h5 31. Ne2 Qh2 32. f3 h4 33. Kf2 Nh5 34. a3 Nf4 35. Nxf4 Qxf4 36. Qb3 Qc7 37. c4 Ke7 38. cxd5 cxd5 39. Qxd5 g5 1-0

[Event "FIDE Open Sachove Univerzity QCC"]
[Site "Ceske Budejovice"]
[Date "2020.07.09"]
[Round "5.17"]
[White "Garabik, Marek"]
[Black "Vavrousek, Petr"]
[Result "1-0"]
[ECO "C01"]
[WhiteElo "1363"]
[BlackElo "1605"]
[Annotator "NA RC"]
[PlyCount "97"]
[EventDate "2020.07.01"]
[EventType "swiss"]
[EventCountry "CZE"]
[TimeControl "40/5400+30:1800+30"]

1. e4 e6 2. d4 d5 3. exd5 exd5 4. Nc3 Bf5 5. Bd3 Bxd3 6. Qxd3 c6 7. Bf4 Be7 8. Nf3 Nf6 9. O-O O-O 10. Rae1 Nbd7 11. Bg5 h6 12. Bh4 Bd6 13. Ne5 Qc7 14. Bg3 Rae8 15. Nxd7 Nxd7 16. Ne2 Re4 17. Bxd6 Qxd6 18. Ng3 Rxe1 19. Rxe1 Qb4 20. Rb1 Re8 21. c3 Qe7 22. Kf1 g6 23. Qd2 Qh4 24. Re1 Rxe1+ 25. Qxe1 Kf8 26. h3 Qf4 27. Ne2 Qe4 28. Qd1 Nf6 29. Ng3 Qf4 30. Qc2 h5 31. Ne2 Qh2 32. f3 h4 33. Kf2 Nh5 34. a3 Nf4 35. Nxf4 Qxf4 36. Qb3 Qc7 37. c4 dxc4 38. Qxc4 Qd6 39. Qc5 Qxc5 40. dxc5 b6 41. cxb6 axb6 42. Ke3 g5 43. Ke4 Ke7 44. Kf5 f6 45. f4 gxf4 46. Kxf4 Ke6 47. Kg4 Ke5 48. Kxh4 f5 49. Kg5 1-0

[Event "FIDE Open Sachove Univerzity QCC"]
[Site "Ceske Budejovice"]
[Date "2020.07.09"]
[Round "5.18"]
[White "Tajovsky, Simon"]
[Black "Karweit, Alex W"]
[Result "1-0"]
[ECO "D35"]
[WhiteElo "1594"]
[BlackElo "1579"]
[Annotator "NA"]
[PlyCount "44"]
[EventDate "2020.07.01"]
[EventType "swiss"]
[EventCountry "CZE"]
[TimeControl "40/5400+30:1800+30"]

1. d4 Nf6 2. c4 e6 3. Nc3 d5 4. Nf3 Be7 5. Bf4 O-O 6. e3 Nbd7 7. cxd5 exd5 8. Bd3 c6 9. O-O Re8 10. h3 b6 11. Rb1 c5 12. Nb5 Ba6 13. Nc7 Bxd3 14. Qxd3 c4 15. Qc2 Ne4 16. Nxd5 Nd6 17. Nxe7+ Qxe7 18. Bxd6 Qxd6 19. Qxc4 Nf6 20. Ne5 Re6 21. Rbc1 Ne8 22. Qc6 Qb4 1-0

[Event "FIDE Open Sachove Univerzity QCC"]
[Site "Ceske Budejovice"]
[Date "2020.07.10"]
[Round "5.19"]
[White "Havelkova, Beata"]
[Black "Zachar, Jaroslav"]
[Result "1-0"]
[ECO "C09"]
[WhiteElo "1394"]
[BlackElo "1831"]
[Annotator "NA RC"]
[PlyCount "87"]
[EventDate "2020.07.01"]
[EventType "swiss"]
[EventCountry "CZE"]
[TimeControl "40/5400+30:1800+30"]

1. e4 e6 2. d4 d5 3. Nd2 c5 4. Ngf3 Nc6 5. exd5 exd5 6. Bb5 a6 7. Bd3 Nf6 8. O-O c4 9. Re1+ Be7 10. Bf1 O-O 11. c3 Bg4 12. h3 Bh5 13. g4 Bg6 14. Ne5 Nd7 15. Qf3 Ndxe5 16. dxe5 f5 17. Bg2 Bh4 18. Qxd5+ Kh8 19. Qxd8 Raxd8 20. Nf3 Be7 21. Be3 Rd3 22. Nd4 Nxe5 23. Bf4 Rxd4 24. cxd4 Nd3 25. Rxe7 Nxf4 26. Rd1 fxg4 27. hxg4 Bd3 28. Bf1 g5 29. Rxb7 Rd8 30. Re1 Kg8 31. Re5 h6 32. Rc5 Ne6 33. Rxc4 Bxf1 34. Kxf1 Nxd4 35. a4 Nf3 36. Rc6 Nh2+ 37. Kg2 Nxg4 38. Re6 Rf8 39. f3 Nf6 40. Rxa6 h5 41. Raa7 g4 42. fxg4 hxg4 43. Rg7+ Kh8 44. b4 1-0

[Event "FIDE Open Sachove Univerzity QCC"]
[Site "Ceske Budejovice"]
[Date "2020.07.10"]
[Round "5.20"]
[White "Kral, Ladislav"]
[Black "Valtr, Filip"]
[Result "0-1"]
[ECO "B41"]
[WhiteElo "1493"]
[BlackElo "1784"]
[Annotator "NA RC"]
[PlyCount "50"]
[EventDate "2020.07.01"]
[EventType "swiss"]
[EventCountry "CZE"]
[TimeControl "40/5400+30:1800+30"]

1. e4 c5 2. Nf3 e6 3. d4 cxd4 4. Nxd4 a6 5. a4 Nf6 6. Bd3 Qc7 7. O-O Bd6 8. h3 Nc6 9. c3 h6 10. Nxc6 dxc6 11. f4 Bc5+ 12. Kh1 O-O 13. Qe2 Rd8 14. b4 Be7 15. Be3 Nh5 16. Qxh5 Rxd3 17. Qe2 Rd7 18. a5 c5 19. Bd2 cxb4 20. cxb4 Qc2 21. Rf2 Bh4 22. Be3 Qxe4 23. Bc5 Qxe2 24. Rxe2 Rd1+ 25. Kh2 Bf6 0-1

[Event "FIDE Open Sachove Univerzity QCC"]
[Site "Ceske Budejovice"]
[Date "2020.07.09"]
[Round "5.21"]
[White "Valasek, Jakub"]
[Black "Barta, David"]
[Result "1-0"]
[ECO "C56"]
[WhiteElo "1688"]
[BlackElo "1541"]
[Annotator "NA RC"]
[PlyCount "77"]
[EventDate "2020.07.01"]
[EventType "swiss"]
[EventCountry "CZE"]
[TimeControl "40/5400+30:1800+30"]

1. e4 e5 2. Nf3 Nf6 3. Bc4 Nc6 4. d4 exd4 5. e5 d5 6. Bb5 Ne4 7. Nxd4 Bd7 8. Bxc6 Bxc6 9. O-O Bc5 10. Be3 Qe7 11. f3 Ng5 12. f4 Ne6 13. c3 Nxd4 14. cxd4 Bb6 15. Nc3 O-O-O 16. f5 f6 17. e6 g6 18. Qg4 Rhg8 19. Rae1 gxf5 20. Qxf5 Rg6 21. Ne2 Bb5 22. Rf2 Bxe2 23. Rfxe2 c6 24. Qh3 Rdg8 25. Bf2 Rg4 26. Rd1 R8g6 27. Qf3 Bc7 28. g3 h5 29. Kh1 Kd8 30. a3 Rg7 31. b4 Qd6 32. Qxf6+ Qe7 33. Qxe7+ Kxe7 34. a4 R4g6 35. Rde1 Rf6 36. Be3 Rxe6 37. Bg5+ Rxg5 38. Rxe6+ Kd7 39. Re7+ 1-0

[Event "FIDE Open Sachove Univerzity QCC"]
[Site "Ceske Budejovice"]
[Date "2020.07.10"]
[Round "5.22"]
[White "Kanka, Lukas"]
[Black "Bastyr, Pavel"]
[Result "1-0"]
[ECO "B20"]
[WhiteElo "1667"]
[BlackElo "1439"]
[Annotator "NA RC"]
[PlyCount "87"]
[EventDate "2020.07.01"]
[EventType "swiss"]
[EventCountry "CZE"]
[TimeControl "40/5400+30:1800+30"]

1. e4 c5 2. b4 e5 3. bxc5 Bxc5 4. Nf3 Nc6 5. Bc4 Nf6 6. d3 d5 7. exd5 Nxd5 8. Bxd5 Qxd5 9. Nc3 Bb4 10. Bd2 Qa5 11. Ne4 Bxd2+ 12. Qxd2 Qxd2+ 13. Kxd2 O-O 14. Nd6 Rd8 15. Nxc8 Raxc8 16. Rab1 b6 17. Rhe1 f6 18. Re2 Rd5 19. Ke3 Rcd8 20. Rd2 f5 21. c4 R5d6 22. Rb5 Re8 23. Rd5 Rxd5 24. cxd5 Nb4 25. d6 e4 26. d7 Rd8 27. dxe4 fxe4 28. Ne5 Nd3 29. Nxd3 exd3 30. Rxd3 Kf7 31. Ke4 Ke6 32. f4 g6 33. g4 Rxd7 34. Rxd7 Kxd7 35. Kd5 b5 36. Kc5 b4 37. Kxb4 Kd6 38. Ka5 Kd5 39. f5 gxf5 40. gxf5 Ke5 41. Ka6 Kxf5 42. Kxa7 Ke6 43. Kb7 Kd5 44. a4 1-0

[Event "FIDE Open Sachove Univerzity QCC"]
[Site "Ceske Budejovice"]
[Date "2020.07.09"]
[Round "5.23"]
[White "Barth Vit"]
[Black "Frnoch, Vojtech"]
[Result "0-1"]
[ECO "A45"]
[WhiteElo "1356"]
[BlackElo "1597"]
[Annotator "NA"]
[PlyCount "64"]
[EventDate "2020.07.01"]
[EventType "swiss"]
[EventCountry "CZE"]
[TimeControl "40/5400+30:1800+30"]

1. d4 Nf6 2. Bg5 c6 3. c4 d5 4. e3 dxc4 5. Bxc4 Qa5+ 6. Nc3 Qxg5 7. Qf3 Qg4 8. h3 Qxf3 9. Nxf3 e6 10. e4 Bb4 11. e5 Ne4 12. Rc1 Nxc3 13. bxc3 Ba5 14. O-O O-O 15. Bb3 Nd7 16. Nd2 Nb6 17. Ne4 Nd5 18. f4 Bb6 19. Rf3 Ne7 20. Rg3 Nf5 21. Rg4 Bd8 22. Nd6 h5 23. Nxf5 hxg4 24. Ne3 gxh3 25. gxh3 a5 26. Bc2 b5 27. Be4 Bb7 28. f5 Bg5 29. Kf2 Rab8 30. Rg1 Bxe3+ 31. Kxe3 exf5 32. Bxf5 Bc8 0-1

[Event "FIDE Open Sachove Univerzity QCC"]
[Site "Ceske Budejovice"]
[Date "2020.07.09"]
[Round "5.24"]
[White "Kaucky, Jaroslav"]
[Black "Gorej, Vojtech"]
[Result "1-0"]
[ECO "C36"]
[WhiteElo "1573"]
[BlackElo "1395"]
[Annotator "NA RC"]
[PlyCount "59"]
[EventDate "2020.07.01"]
[EventType "swiss"]
[EventCountry "CZE"]
[TimeControl "40/5400+30:1800+30"]

1. f4 e5 2. e4 exf4 3. Nf3 d5 4. exd5 Qxd5 5. Nc3 Qd8 6. d4 Bd6 7. Bc4 Ne7 8. Ng5 Ng6 9. Qe2+ Qe7 10. Bxf7+ Kf8 11. Qxe7+ Nxe7 12. Be6 Nbc6 13. Bxc8 Rxc8 14. Nb5 Ng6 15. O-O Ke7 16. Nxd6 cxd6 17. Bxf4 Nxd4 18. Rae1+ Kd7 19. c3 Nc6 20. Rd1 Nxf4 21. Rxf4 Ne5 22. Nf7 Nxf7 23. Rxf7+ Kc6 24. Rxg7 Rc7 25. Rg4 h5 26. Rgd4 Rd7 27. Rc4+ Kb6 28. Rd5 h4 29. h3 a6 30. Rdd4 1-0

[Event "FIDE Open Sachove Univerzity QCC"]
[Site "Ceske Budejovice"]
[Date "2020.07.09"]
[Round "5.25"]
[White "Chmelik, Benedikt"]
[Black "Rolinkova, Adela"]
[Result "1-0"]
[ECO "B08"]
[WhiteElo "1571"]
[BlackElo "1360"]
[Annotator "NA"]
[PlyCount "89"]
[EventDate "2020.07.01"]
[EventType "swiss"]
[EventCountry "CZE"]
[TimeControl "40/5400+30:1800+30"]

1. e4 d6 2. d4 Nf6 3. Nc3 g6 4. Nf3 Bg7 5. Bc4 O-O 6. O-O Nxe4 7. Nxe4 d5 8. Bxd5 Qxd5 9. Nc3 Qd8 10. Be3 Bg4 11. Nb5 c6 12. Na3 c5 13. c3 cxd4 14. Bxd4 Bxd4 15. Qxd4 Bxf3 16. Qxd8 Rxd8 17. gxf3 Nc6 18. Rad1 a6 19. Nc2 b5 20. Ne3 e6 21. Rxd8+ Rxd8 22. Rd1 Rxd1+ 23. Nxd1 f5 24. f4 e5 25. fxe5 Nxe5 26. Ne3 a5 27. b4 axb4 28. cxb4 Kf7 29. Kf1 Ke6 30. Ke2 f4 31. Nc2 Kd6 32. Nd4 Kd5 33. Nxb5 Kc4 34. Nc7 Kxb4 35. Nd5+ Ka3 36. Nxf4 Kxa2 37. h3 Kb3 38. Ke3 Kc4 39. Ke4 Nf7 40. Ne6 h5 41. f4 h4 42. Ng5 Nd6+ 43. Ke5 Ne8 44. Nf3 Kd3 45. Nxh4 1-0

[Event "FIDE Open Sachove Univerzity QCC"]
[Site "Ceske Budejovice"]
[Date "2020.07.10"]
[Round "5.26"]
[White "Pokora, Lubomir"]
[Black "Vojtek, Pavel"]
[Result "1-0"]
[ECO "A48"]
[WhiteElo "1800"]
[BlackElo "1292"]
[Annotator "NA RC"]
[PlyCount "61"]
[EventDate "2020.07.01"]
[EventType "swiss"]
[EventCountry "CZE"]
[TimeControl "40/5400+30:1800+30"]

1. d4 Nf6 2. Nf3 d6 3. e3 g6 4. Bd3 Bg7 5. Nbd2 O-O 6. c3 Re8 7. e4 e5 8. O-O Nc6 9. d5 Ne7 10. Re1 a6 11. Nf1 Nexd5 12. exd5 e4 13. Be2 exf3 14. Bxf3 b5 15. Bf4 Bb7 16. Ne3 Qd7 17. a4 Re7 18. Qb3 Ne4 19. axb5 Nd2 20. Qd1 Nxf3+ 21. Qxf3 Qxb5 22. c4 Qb4 23. Rab1 Rae8 24. h4 Bd4 25. b3 Bc8 26. Red1 Bxe3 27. Bxe3 Re4 28. Qf6 Bf5 29. Bh6 Re1+ 30. Kh2 Qc3 31. Qxc3 1-0

[Event "FIDE Open Sachove Univerzity QCC"]
[Site "Ceske Budejovice"]
[Date "2020.07.10"]
[Round "5.27"]
[White "Krautschneider, Daniel Jan"]
[Black "Jodas, Daniel"]
[Result "0-1"]
[ECO "B01"]
[WhiteElo "1374"]
[BlackElo "1608"]
[Annotator "NA RC"]
[PlyCount "72"]
[EventDate "2020.07.01"]
[EventType "swiss"]
[EventCountry "CZE"]
[TimeControl "40/5400+30:1800+30"]

1. e4 d5 2. exd5 Qxd5 3. Nc3 Qa5 4. d4 Nf6 5. Nf3 Bg4 6. Be2 Nc6 7. Be3 O-O-O 8. Qd2 Bxf3 9. Bxf3 Nxd4 10. Bxd4 e5 11. O-O-O exd4 12. Nb1 Bb4 13. Qf4 d3 14. Rxd3 Rxd3 15. cxd3 Qc5+ 16. Qc4 Rd8 17. Kc2 Qxf2+ 18. Kb3 Ba5 19. Qb5 Qb6 20. Qxb6 Bxb6 21. Kc4 Rd4+ 22. Kc3 Nd5+ 23. Bxd5 Rxd5 24. Nd2 Kd7 25. Nc4 Rf5 26. Nxb6+ axb6 27. h3 Rf2 28. g4 f5 29. gxf5 Rxf5 30. Rg1 g6 31. a4 Rf3 32. Rh1 Kd6 33. Kc4 h6 34. h4 Rf4+ 35. d4 Rg4 36. b4 c5 0-1

[Event "FIDE Open Sachove Univerzity QCC"]
[Site "Ceske Budejovice"]
[Date "2020.07.10"]
[Round "5.28"]
[White "Veselsky, Jan"]
[Black "Dobsinsky, Petr"]
[Result "1-0"]
[ECO "E43"]
[WhiteElo "1580"]
[BlackElo "1248"]
[Annotator "NA RC"]
[PlyCount "49"]
[EventDate "2020.07.01"]
[EventType "swiss"]
[EventCountry "CZE"]
[TimeControl "40/5400+30:1800+30"]

1. d4 Nf6 2. c4 e6 3. Nc3 Bb4 4. Nf3 b6 5. e3 O-O 6. Bd3 Bxc3+ 7. bxc3 d6 8. a4 a5 9. Ba3 Bb7 10. O-O Nbd7 11. Rb1 Re8 12. c5 dxc5 13. dxc5 Nxc5 14. Bc2 Qxd1 15. Rfxd1 Bxf3 16. gxf3 Nb7 17. e4 Rad8 18. Rd4 Rxd4 19. cxd4 g6 20. Rc1 Nd6 21. Bd3 Nc8 22. Rxc7 Nh5 23. Bc1 Ne7 24. Bh6 Ng7 25. Bb5 1-0

[Event "FIDE Open Sachove Univerzity QCC"]
[Site "Ceske Budejovice"]
[Date "2020.07.10"]
[Round "5.29"]
[White "Predota, Vit"]
[Black "Martirosyan, David"]
[Result "0-1"]
[ECO "B13"]
[WhiteElo "1233"]
[BlackElo "1560"]
[Annotator "NA RC"]
[PlyCount "110"]
[EventDate "2020.07.01"]
[EventType "swiss"]
[EventCountry "CZE"]
[TimeControl "40/5400+30:1800+30"]

1. e4 c6 2. d4 d5 3. exd5 cxd5 4. Nc3 Nf6 5. Bf4 a6 6. Nf3 Bf5 7. Bd3 Bxd3 8. Qxd3 Nc6 9. O-O-O e6 10. Bg5 Be7 11. Bxf6 Bxf6 12. a3 O-O 13. Rde1 Qb6 14. Ne5 Bxe5 15. dxe5 Qxf2 16. Re2 Qf4+ 17. Kb1 Nxe5 18. Qe3 Qxe3 19. Rxe3 Nc4 20. Rd3 b5 21. Rd4 Rab8 22. Ka2 a5 23. Nxd5 exd5 24. Rxd5 Rfd8 25. Rhd1 Rxd5 26. Rxd5 Ne3 27. Rd2 f6 28. Re2 Ng4 29. h3 Ne5 30. c3 Rc8 31. Re4 Rc4 32. Rxc4 bxc4 33. b3 cxb3+ 34. Kxb3 Kf7 35. Ka4 Nc4 36. Kb3 Nb6 37. c4 Ke7 38. c5 Nd5 39. Kc4 Nc7 40. a4 Kd7 41. h4 Kc6 42. Kd4 Ne6+ 43. Ke4 Nxc5+ 44. Kf5 Nxa4 45. Ke6 Nc5+ 46. Kf7 a4 47. Kxg7 a3 48. h5 a2 49. h6 a1=Q 50. Kxh7 f5 51. Kg8 Ne6 52. Kh7 Qf6 53. g3 Ng5+ 54. Kg8 Qf7+ 55. Kh8 Qh7# 0-1

[Event "FIDE Open Sachove Univerzity QCC"]
[Site "Ceske Budejovice"]
[Date "2020.07.06"]
[Round "6.1"]
[White "Simacek, Vaclav"]
[Black "Svanda, Adam"]
[Result "0-1"]
[ECO "B01"]
[WhiteElo "1816"]
[BlackElo "1870"]
[Annotator "NA"]
[PlyCount "98"]
[EventDate "2020.07.01"]
[EventType "swiss"]
[EventCountry "CZE"]
[SourceTitle "playchess.com"]
[Source "ChessBase"]
[SourceQuality "1"]
[TimeControl "40/5400+30:1800+30"]

1. e4 d5 2. exd5 Qxd5 3. Nc3 Qd6 4. d4 Nf6 5. Nf3 a6 6. Bd3 {[%emt 0:02:12] B01: Scandinavian Defence.} g6 {[%emt 0:01:11] was the old line (6...Bg4).} 7. O-O Bg7 {[%emt 0:00:34] [#]} 8. Ne5 $146 ({Predecessor:} 8. Re1 O-O 9. Ne4 Nxe4 10. Bxe4 Nd7 11. c3 Nf6 12. Bc2 c5 13. dxc5 Qxc5 14. Be3 {1-0 (36) Muzychuk,A (2545)-Zhao,X (2514) Beijing 2014}) 8... O-O 9. Be3 Nc6 10. Nxc6 Qxc6 11. Be2 Rd8 12. Bf3 Qd6 13. Qe2 c6 14. d5 (14. Rad1 $11 {remains equal.}) 14... Nxd5 15. Nxd5 cxd5 16. Rfd1 e6 ({But not} 16... Bxb2 $6 17. Rab1 $11) 17. Rac1 (17. Bg5 $17) 17... b5 18. c3 Bb7 19. Bg5 Rdc8 20. Rd3 (20. a3 $17 {was worth a try.}) 20... a5 21. Qd2 Ba6 22. b3 Qf8 23. h4 Rab8 24. h5 b4 25. c4 dxc4 26. Rd7 c3 27. Qe3 Bb5 28. Ra7 Bc6 29. h6 Bh8 30. Be7 Qe8 31. Bd6 Rb5 32. Re7 Qd8 33. Rxe6 Bxf3 34. Bc7 Qd7 35. Re7 Qc6 36. Re1 f5 37. Re6 Re5 38. Rxe5 Bxe5 39. Bxe5 $19 (39. Qxe5 $11 {and White stays safe.} Rxc7 40. gxf3) 39... Bxg2 40. Qa7 Qb7 41. Qe3 Qe4 42. Qxe4 Bxe4 43. Kh2 Rd8 44. Bf4 Kf7 45. Bg5 Rd3 46. Kg1 Rh3 47. f3 Rxf3 48. Re3 Rxe3 49. Bxe3 Bb1 0-1